 Dungeon Crawl Stone Soup version 0.24-a0-616-ge2a249a (webtiles) character file.

Game seed: 525661070282954745, levelgen mode: deterministic

2829 BoppinsLewinski the Slicer (level 10, -5/67 (68) HPs)
             Began as a Halfling Fighter on Sept 15, 2019.
             Was an Elder of Okawaru.
             Engulfed by a death drake (shapeshifter)'s foul pestilence (14 damage)
             ... on level 7 of the Dungeon.
             The game lasted 00:19:11 (6072 turns).

BoppinsLewinski the Slicer (Halfling Fighter)       Turns: 6072, Time: 00:19:12

HP:   -5/67 (68)    AC: 15    Str: 19    XL:     10   Next: 3%
MP:   10/10         EV: 10    Int:  5    God:    Okawaru [****..]
Gold: 289           SH: 12    Dex: 22    Spells: 9/9 levels left

rFire    . . .     SeeInvis .   p - +8 short sword of the Distant Future {flame, Dex+6}
rCold    . . .     Gourm    .   c - +0 shield
rNeg     + . .     Faith    .   t - +0 plate armour
rPois    +         Spirit   .   y - +0 helmet
rElec    .         Reflect  .   z - +2 ratskin cloak {+Rats rPois rN+ Str-1 Int-1 Dex+1}
rCorr    .         Harm     .   (no gloves)
MR       .....                  (no boots)
Stlth    ..........             (no amulet)
HPRegen  0.61/turn              (no ring)
MPRegen  0.12/turn              (no ring)

@: very slightly contaminated, slowed, very slow
A: small, mutation resistance 1, regeneration 1
a: Heroism, Renounce Religion, Evoke Ratskin


You were on level 7 of the Dungeon.
You worshipped Okawaru.
Okawaru was greatly pleased with you.
You were near starving.

You visited 1 branch of the dungeon, and saw 7 of its levels.

You collected 465 gold pieces.
You spent 176 gold pieces at shops.

Inventory:

Hand Weapons
 a - a +0 rapier
 k - a +0 short sword of venom
 p - the +8 short sword of the Distant Future (weapon) {flame, Dex+6}
   (You bought it in a shop on level 4 of the Dungeon)

   It has been specially enchanted to burn those struck by it, causing extra
   injury to most foes and up to half again as much damage against particularly
   susceptible opponents.
   It affects your dexterity (+6).
Armour
 c - a +0 shield (worn)
 l - a +2 chain mail of poison resistance
 t - a +0 plate armour (worn)
 y - a +0 helmet (worn)
 z - the +2 ratskin cloak (worn) {+Rats rPois rN+ Str-1 Int-1 Dex+1}
   (You found it on level 7 of the Dungeon)

   It affects your strength (-1).
   It affects your intelligence (-1).
   It affects your dexterity (+1).
   It protects you from poison.
   It protects you from negative energy.
Jewellery
 v - a +6 ring of intelligence {unknown}
Scrolls
 d - 5 scrolls of teleportation
 e - 5 scrolls of remove curse {unknown}
 g - 3 scrolls of identify {unknown}
 h - 2 scrolls of magic mapping {unknown}
 i - a scroll of blinking {unknown}
 m - 2 scrolls of enchant armour {unknown}
 n - 3 scrolls of enchant weapon {unknown}
 r - a scroll of fear {unknown}
 u - a scroll of fog {unknown}
 A - a scroll of vulnerability {unknown}
Comestibles
 f - 22 rations


   Skills:
 + Level 6.0 Fighting
 * Level 10.2 Short Blades
 - Level 3.2 Armour
 + Level 6.2 Dodging
 + Level 7.1 Shields


You had 9 spell levels left.
You didn't know any spells.
Your spell library was empty.

Dungeon Overview and Level Annotations

Branches:
Dungeon (7/15)             Temple (0/1) D:5

Altars:
Gozag
Okawaru
Uskayaw
Yredelemnul

Shops:
D:4 (   D:5 }}%!

Annotations:
D:3 1 runed translucent door, pichaelthompson's ghost, novice SpCj


Innate Abilities, Weirdness & Mutations

You are small and have problems with some larger weapons.
You are somewhat resistant to further mutation.
Your natural rate of healing is unusually fast.


Message History

Tha salamander hits ye but does nay damage.
Ye flicker fer a momn't.
Tha salamander hits ye.
* * * LOW HITPOINT WARNIN'
* * * Ye be 'ngulfed in flames!
* * * LOW HITPOINT WARNIN'
* * * Ye see 'ere 21 gold pieces.
Ye feel less invigorated.
Ye bump inta tha gold'n statue.
Tha salamander barely misses ye.
Tha salamander barely misses ye.
Ye flicker back inta view.
Ye feel less confused.
Tha salamander changes inta a death drake!
Thar be an op'n translucent gate 'ere.
Tha death drake breathas miasma at ye.
Tha foul vapour 'ngulfs ye!
Ye feel yer flesh rottin' away!
Ye feel yerself slow down.
* * * LOW HITPOINT WARNIN'
* * * Ye be 'ngulfed in dark miasma.
Ye die...

###########..#..
#...........#
#...........#
#........>..'
#...........#
#........)..#
#............
#########○...........
#.○°@○○○○○...........
####k#######○...........
#.......# #####'######.
###'''### #.# #.
##..$?$## #.######.
#..$_...# #.##.....
#8.$8.$8# #.##.###.
#..$..?.# #.##<# #.
##∩8∩8∩## #####.##.# #.


You could see a death drake shaped shifter.

Vanquished Creatures
  Grinder (D:3)
  Sigmund (D:3)
  Eustachio (D:4)
  Menkaure (D:4)
  A black bear (D:7)
  2 phantoms
  A sky beast (D:6)
  5 ogres
  3 centaurs (D:5)
  The ghost of demenzo the Sneak, an amateur OpWz (D:7)
  2 bullfrogs
  A scorpion (D:5)
  2 howler monkeys
  3 crimson imps
  A centaur zombie (D:7)
  6 hounds
  A jelly (D:7)
  4 orc wizards
  2 bullfrog skeletons
  A worker ant (D:5)
  A hell rat (D:7)
  A hound zombie (D:6)
  3 worker ant zombies
  7 adders
  6 river rats (D:7)
  3 shadow imps
  2 oozes
  An adder skeleton (D:5)
  A worm (D:2)
  A dart slug (D:2)
  4 leopard geckos
  15 orcs
  A ball python (D:4)
  6 giant cockroaches
  8 hobgoblins
  12 jackals
  6 kobolds
  6 quokkas
  5 bats
  6 frilled lizards
  2 gnoll zombies (D:6)
  6 goblins
  A quokka skeleton (D:4)
  23 rats
167 creatures vanquished.

Notes
Turn   | Place    | Note
-------+----------+-------------------------------------------
     0 | D:1      | BoppinsLewinski the Halfling Fighter began the quest for
                  | the Orb.
     0 | D:1      | Reached XP level 1. HP: 15/15 MP: 1/1
   122 | D:1      | Reached XP level 2. HP: 20/20 MP: 2/2
   168 | D:1      | Reached skill level 3 in Short Blades
   420 | D:2      | Found an iron altar of Okawaru.
   435 | D:2      | Reached XP level 3. HP: 20/25 MP: 3/3
   443 | D:2      | Reached skill level 1 in Dodging
   451 | D:2      | Reached XP level 4. HP: 14/31 MP: 4/4
   463 | D:2      | Became a worshipper of Warmaster Okawaru
   760 | D:2      | Found an opulent altar of Gozag.
   775 | D:2      | Reached skill level 4 in Short Blades
   886 | D:2      | Reached XP level 5. HP: 30/36 MP: 5/5
  1155 | D:2      | Found a hide-covered altar of Uskayaw.
  1514 | D:3      | Noticed Grinder
  1516 | D:3      | Gained mutation: Your natural rate of healing is unusually
                  | fast. [potion of mutation]
  1758 | D:3      | Noticed Sigmund
  1795 | D:3      | Killed Sigmund
  1795 | D:3      | Reached * piety under Okawaru
  1795 | D:3      | Reached skill level 5 in Short Blades
  1795 | D:3      | Reached XP level 6. HP: 25/42 MP: 6/6
  1945 | D:3      | Found a runed translucent door.
  2078 | D:3      | Paralysed by Grinder for 2 turns
  2088 | D:3      | Paralysed by Grinder for 6 turns
  2127 | D:3      | Killed Grinder
  2127 | D:3      | Reached skill level 6 in Short Blades
  2127 | D:3      | Reached XP level 7. HP: 12/47 MP: 4/7
  2376 | D:3      | Noticed pichaelthompson's ghost (novice SpCj)
  2382 | D:4      | Found Ollubid's Antique Weapon Shop.
  2432 | D:4      | Reached skill level 5 in Shields
  2441 | D:4      | Noticed Menkaure
  2456 | D:4      | Killed Menkaure
  2456 | D:4      | Reached ** piety under Okawaru
  2456 | D:4      | Reached XP level 8. HP: 23/54 MP: 8/8
  2750 | D:4      | Noticed Eustachio
  2769 | D:4      | Killed Eustachio
  2769 | D:4      | Reached skill level 7 in Short Blades
  3039 | D:4      | Bought a steaming short sword for 176 gold pieces
  3039 | D:4      | Identified the +8 short sword of the Distant Future {flame,
                  | Dex+6} (You bought it in a shop on level 4 of the Dungeon)
  3075 | D:4      | Got a smoking leather armour
  3233 | D:5      | Entered Level 5 of the Dungeon
  3252 | D:5      | Found a staircase to the Ecumenical Temple.
  3393 | D:5      | Found Kiturey's Distillery.
  3393 | D:5      | Found Kuroekk's Food Boutique.
  3397 | D:5      | Found Rykomaorgh's Gadget Boutique.
  3398 | D:5      | Found Dery's Gadget Boutique.
  3479 | D:5      | Reached skill level 8 in Short Blades
  3551 | D:5      | Reached *** piety under Okawaru
  3573 | D:5      | Reached skill level 5 in Fighting
  3573 | D:5      | Reached XP level 9. HP: 61/61 MP: 9/9
  3640 | D:5      | Reached skill level 5 in Dodging
  4087 | D:6      | Reached skill level 9 in Short Blades
  4909 | D:6      | Found a basalt altar of Yredelemnul.
  5040 | D:7      | Reached **** piety under Okawaru
  5319 | D:7      | Reached skill level 10 in Short Blades
  5492 | D:7      | Found the +2 ratskin cloak {+Rats rPois rN+ Str-1 Int-1
                  | Dex+1}
  5504 | D:7      | Reached XP level 10. HP: 68/68 MP: 10/10
  5981 | D:7      | Found a runed translucent gate.
  5981 | D:7      | Found a runed translucent gate.
  5981 | D:7      | Found an opulent altar of Gozag.
  5982 | D:7      | Found a runed translucent gate.
  5982 | D:7      | Noticed a rime drake
  5982 | D:7      | Noticed demenzo's ghost (amateur OpWz)
  5998 | D:7      | a rime drake changed into a golden eye
  6025 | D:7      | Killed demenzo's ghost
  6038 | D:7      | Noticed a salamander
  6038 | D:7      | a troll changed into a salamander
  6059 | D:7      | HP: 1/68 [salamander (shapeshifter) (13)]
  6066 | D:7      | Noticed a death drake
  6066 | D:7      | a salamander changed into a death drake
  6072 | D:7      | Engulfed by a death drake (shapeshifter)'s foul pestilence

Levels and vault maps discovered:
D:1:      ebering_trefoil_twist, layout_rooms, st_stairs_14
D:2:      layout_basic, nicolae_gozag_seed_capital, old_standard_altar,
          lemuel_doored_altar
D:3:      layout_basic, ebering_ghost_reflecting_pool, minmay_fountain_box,
          uniq_sigmund, uniq_grinder
D:4:      layout_basic, serial_shops, nicolae_shop_waterfront, uniq_eustachio,
          uniq_menkaure
D:5:      layout_loops_ring, minmay_temple_entry_glassed_door, first_ration,
          minmay_shop_grid_forest
D:6:      layout_cave_pods, lemuel_zombie_altar_yredelemnul, minmay_pentangle
D:7:      wander_guarded_unrand_ratskin, layout_basic, ebering_ghost_gozag

Skill      XL: |  1  2  3  4  5  6  7  8  9 10 |
---------------+-------------------------------+-----
Short Blades   | 3 4 5 6 8 10 | 10.2
Dodging        | 1 2 3 4 6 |  6.2
Fighting       | 3 4 5 6 |  6.0
Shields        | 4 5 6 7 |  7.1
Armour         | |  3.2

Action                   |  1- 3 |  4- 6 |  7- 9 | 10-12 || total
-------------------------+-------+-------+-------+-------++-------
Melee: Rapier            |    58 |   208 |    88 |       ||   354
       Short sword       |       |       |   231 |    28 ||   259
Invok: Heroism           |       |     2 |     2 |       ||     4
  Use: Potion            |     2 |     1 |     1 |     6 ||    10
       Scroll            |       |     1 |       |       ||     1
  Eat: Chunk             |       |     4 |    11 |       ||    15
Armor: Scale mail        |    20 |    32 |       |       ||    52
       Chain mail        |       |    42 |    34 |       ||    76
       Plate armour      |       |       |    40 |    14 ||    54
Dodge: Dodged            |    28 |    55 |    65 |    23 ||   171
Block: Shield            |    34 |    95 |   108 |     2 ||   239

Table legend:
 A = Non-vault XP
 B = Vault XP
 C = Vault XP percentage of total XP
 D = Non-vault monster count
 E = Vault monster count
 F = Vault count percentage of total count
                 A         B        C        D         E       F
            +---------+---------+-------+---------+---------+-------
      Total |    2839 |    1203 |  29.8 |     129 |      38 |  22.8
            +---------+---------+-------+---------+---------+-------
        D:1 |      24 |       0 |   0.0 |      12 |       0 |   0.0
        D:2 |     140 |       0 |   0.0 |      33 |       0 |   0.0
        D:3 |      68 |     484 |  87.7 |      20 |       2 |   9.1
        D:4 |     189 |     363 |  65.8 |      12 |       2 |  14.3
        D:5 |     952 |       0 |   0.0 |      19 |       0 |   0.0
        D:6 |     878 |     115 |  11.6 |      19 |      11 |  36.7
        D:7 |     588 |     241 |  29.1 |      14 |      23 |  62.2
            +---------+---------+-------+---------+---------+-------
